Map: Dusk Towers

Players

RAWD

  • Race: Protoss Protoss
  • League: Diamond

MorN - Winner!

  • Race: Terran Terran
  • League: Platinum

VOD

Have the link to the VOD?

Description

Time

  • Played on: Nov. 12, 2015, 4:31 p.m.
  • Length: 7:23
Show
View Real Time Build Order
Export as new Build Order

RAWD Protoss 

Build Orders:  

Get SALT Encoding   

  12  0:01  Probe (Chrono Boost)  
  13  0:12  Probe (Chrono Boost)  
  14  0:18  Pylon  
  14  0:22  Probe (Chrono Boost)  
  15  0:36  Gateway  
  15  0:40  Assimilator  
  15  0:42  Probe (Chrono Boost)  
  16  0:53  Probe (Chrono Boost)  
  17  1:02  Assimilator  
  17  1:03  Probe (Chrono Boost)  
  18  1:14  Probe (Chrono Boost)  
  19  1:23  Pylon  
  19  1:24  Probe (Chrono Boost)  
  19  1:25  Cybernetics Core  
  20  1:35  Probe (Chrono Boost)  
  20  1:38  Zealot (Chrono Boost)  
  23  1:47  Probe  
  25  2:03  Mothership Core (Chrono Boost)  
  25  2:07  Warp Gate (Chrono Boost)  
  26  2:10  Adept  
  28  2:23  Probe  
  27  2:37  Adept (Chrono Boost)  
  27  2:58  Probe  
  28  3:00  Gateway  
  28  3:02  Gateway  
  28  3:03  Adept (Chrono Boost)  
  30  3:14  Pylon  
  30  3:16  Pylon x2  
  30  3:20  Probe  
  28  4:06  Pylon  
  28  4:13  Adept x3  
  28  4:15  Probe  
  30  4:51  Sentry x3  
  34  5:24  Adept x2  
  34  5:25  Adept  
  40  5:35  Gateway  
  40  5:36  Gateway  
  40  5:38  Gateway  
  40  6:09  Adept x3  
  29  6:31  Adept  
  31  6:34  Adept  
Show
View Real Time Build Order
Export as new Build Order

MorN Terran - Winner!

Build Orders: Reaper Expand 

Get SALT Encoding   

  12  0:00  SCV  
  13  0:12  SCV  
  14  0:17  Supply Depot  
  14  0:25  SCV  
  15  0:38  SCV  
  15  0:40  Barracks  
  16  0:46  Refinery  
  16  0:50  SCV  
  17  1:03  SCV  
  18  1:15  SCV  
  19  1:28  Orbital Command  
  19  1:29  Reaper  
  20  1:50  Command Center  
  20  1:55  SCV  
  20  1:56  Supply Depot  
  21  2:16  Barracks Reactor  
  21  2:18  Barracks  
  21  2:20  Barracks  
  21  2:22  SCV  
  22  2:38  SCV  
  22  2:39  Bunker  
  23  2:50  SCV  
  23  2:56  Refinery  
  23  2:59  Engineering Bay  
  23  3:00  Marine x2  
  23  3:02  SCV  
  23  3:03  Orbital Command  
  26  3:06  Barracks Tech Lab  
  26  3:08  Marine  
  27  3:14  SCV  
  27  3:15  Factory  
  28  3:22  Bunker, Marine  
  28  3:26  SCV  
  30  3:32  Marine x2  
  30  3:33  Marine  
  33  3:41  Marine  
  34  3:56  Supply Depot  
  34  3:58  Supply Depot  
  34  4:01  Stimpack  
  33  4:14  Starport  
  33  4:17  Marine x2  
  33  4:21  Widow Mine  
  33  4:23  SCV  
  38  4:27  Supply Depot  
  38  4:35  Marine  
  38  4:36  Marauder  
  41  4:54  Medivac  
  41  4:55  Factory Reactor  
  41  4:56  SCV x2  
  41  4:59  Missile Turret  
  45  5:08  SCV x2  
  47  5:16  Terran Infantry Weapons Level 1  
  47  5:20  SCV x2  
  48  5:33  SCV  
  49  5:36  Marine x3  
  49  5:41  Medivac  
  54  5:48  Supply Depot  
  54  5:50  Supply Depot  
  54  5:51  Barracks  
  54  5:52  Missile Turret  
  54  5:55  Marine  
  54  5:58  Marine  
  54  6:01  Medivac  
  54  6:12  Supply Depot  
  54  6:14  Supply Depot  
  54  6:16  Marine  
  54  6:17  Marine  
  53  6:33  Marine  
  53  6:35  SCV, Medivac, Viking, Marine x2  
  58  6:47  SCV  
  58  6:51  Marine  
  58  6:53  Marine  
  56  7:03  Marine  
Tags
 
Add a new tag
Caveats
  • Supply blocks, unpowered buildings, or Contaminate may cause inaccurate times.
  • Supply counts are checked every 10 seconds.